 Dungeon Crawl Stone Soup version 0.29.1-4-g47bece8355 (webtiles) character file.

Game seed: 6434563761695258244

949 xSliceyx the Fighter (level 7, -1/69 HPs)
             Began as a Minotaur Fighter on Dec 5, 2022.
             Slain by a water moccasin (6 damage)
             ... on level 5 of the Dungeon.
             The game lasted 00:11:51 (5201 turns).

xSliceyx the Fighter (Minotaur Fighter)             Turns: 5201, Time: 00:11:52

Health: -1/69      AC: 13    Str: 23    XL:     7   Next: 90%
Magic:  6/6        EV:  8    Int:  5    God:
Gold:   176        SH:  4    Dex:  9    Spells: 6/6 levels left

rFire   . . .      SeeInvis .   a - +0 war axe
rCold   . . .      Faith    .   c - +0 buckler
rNeg    . . .      Spirit   .   w - +0 chain mail
rPois   +          Reflect  .   (helmet restricted)
rElec   .          Harm     .   v - +1 cloak
rCorr   .          Rampage  .   (no gloves)
Will    .....                   (no boots)
Stlth   ..........              (no amulet)
HPRegen 0.21/turn               j - ring of poison resistance
MPRegen 0.10/turn               (no ring)

@: no status effects
A: horns 2, retaliatory headbutt
a: no special abilities


You were on level 5 of the Dungeon.
You visited 1 branch of the dungeon, and saw 5 of its levels.

You collected 176 gold pieces.

Inventory:

Hand Weapons
 a - a +0 war axe (weapon)
Missiles
 b - 2 throwing nets
 g - 2 poisoned darts (quivered)
Armour
 c - a +0 buckler (worn)
 k - a +1 scale mail of cold resistance
 v - a +1 cloak (worn)
 w - a +0 chain mail (worn)
Jewellery
 j - a ring of poison resistance (left hand)
Scrolls
 l - 2 scrolls of vulnerability
 n - 3 scrolls of identify
 q - 2 scrolls of teleportation
 y - 2 scrolls of poison
Potions
 d - a potion of might
 e - 2 potions of heal wounds {unknown}
 f - 2 potions of curing {unknown}
 h - 2 potions of brilliance {unknown}
 i - a potion of attraction {unknown}
 o - 3 potions of mutation {unknown}
 r - a potion of degeneration {unknown}
 t - a potion of invisibility {unknown}
 x - a potion of magic {unknown}
 z - a potion of cancellation {unknown}


   Skills:
 + Level 8.3 Fighting
 - Level 2.4 Axes
 - Level 8.0 Armour
 - Level 5.0 Shields


You had 6 spell levels left.
You didn't know any spells.
Your spell library contained the following spells:

 Spells                   Type           Power      Damage    Failure   Level
 Beastly Appendage        Tmut           0%         N/A       99%         1
 Wereblood                Tmut           0%         N/A       100%        2
 Spider Form              Tmut/Pois      0%         N/A       100%        3
 Summon Guardian Golem    Hex/Summ       0%         N/A       100%        3
 Orb of Destruction       Conj           0%         9d5       100%        7
 Spellforged Servitor     Conj/Summ      0%         N/A       100%        7


Dungeon Overview and Level Annotations

Branches:
Dungeon (5/15)             Temple (0/1) D:4

Altars:
Dithmenos
Hepliaklqana
Ru
Sif Muna
Vehumet
Xom

Shops:
D:4 *

Portals:
Sewer: D:5


Innate Abilities, Weirdness & Mutations

You have a pair of horns on your head.
You reflexively headbutt those who attack you in melee.


Message History

The water moccasin is severely wounded.
You hit something. Something hits you.
* * * LOW HITPOINT WARNING * * *
The water moccasin bites you but does no damage.
Something hits you but does no damage.
The water moccasin bites you but does no damage.
You hit the water moccasin but do no damage.
The water moccasin is severely wounded.
You closely miss something. You block the water moccasin's attack.
Something hits you.
* * * LOW HITPOINT WARNING * * *
The water moccasin completely misses you.
Unknown command.
You barely miss the water moccasin.
The water moccasin is severely wounded.
You miss something. Something hits you but does no damage.
The water moccasin bites you.
* * * LOW HITPOINT WARNING * * *
Something hits you but does no damage. You block the water moccasin's attack.
Unknown command.
You miss the water moccasin.
The water moccasin is heavily wounded.
You slash something!
Reactivating autopickup.
You feel a bit more experienced.
You hear the slow rusting of a drain very nearby.
The water moccasin closely misses you.
Your life force feels restored.
You barely miss the water moccasin.
Your headbutt misses the water moccasin.
The water moccasin is heavily wounded.
The water moccasin bites you.
* * * LOW HITPOINT WARNING * * *
You block the water moccasin's attack.
Unknown command.
You barely miss the water moccasin.
Your headbutt misses the water moccasin.
The water moccasin is heavily wounded.
The water moccasin bites you.
You die...

...## #...# ##?....
...## ##...# #
.......####..###....# ##
.......#.#.....#...# #.
...........[......####.
##.!.. #†.........#...
#..... ##..............
##....)##).....#....##..
#.....)@.......##.#####.
#....##S.......##..# #.
... #..##..>...#.......
. ..............#..###
.........).#.......#.
#######...####...# ##
#BSBSB#...# ## .
#~~∩~~+..$ .####..
......#


You could see a water moccasin, 2 adders and 3 giant cockroaches.

Vanquished Creatures
  Edmund (D:4)
  2 black bears (D:4)
  A sky beast (D:4)
  An ogre (D:4)
  3 orc priests (D:4)
  A hound (D:4)
  3 iguanas (D:4)
  An orc wizard (D:5)
  Robin (D:4)
  3 gnolls
  11 adders
  An ufetubus (D:5)
  A dart slug (D:1)
  14 orcs
  6 endoplasms
  5 giant cockroaches
  15 goblins
  7 hobgoblins
  5 kobolds
  4 quokkas
  14 ball pythons
  8 bats
  4 frilled lizards
  6 rats
118 creatures vanquished.

Notes
Turn   | Place    | Note
-------+----------+-------------------------------------------
     0 | D:1      | xSliceyx the Minotaur Fighter began the quest for the Orb.
     0 | D:1      | Reached XP level 1. HP: 19/19 MP: 0/0
   117 | D:1      | Reached XP level 2. HP: 26/26 MP: 1/1
   126 | D:1      | Found a faded altar of an unknown god.
   544 | D:2      | Reached XP level 3. HP: 31/31 MP: 2/2
   995 | D:2      | Reached skill level 5 in Armour
   995 | D:2      | Reached XP level 4. HP: 31/39 MP: 3/3
  1003 | D:2      | Reached skill level 5 in Shields
  1598 | D:2      | Reached XP level 5. HP: 45/45 MP: 4/4
  2659 | D:4      | Found a shimmering altar of Xom.
  2690 | D:4      | Noticed Robin
  2731 | D:4      | Killed Robin
  2889 | D:4      | Found a staircase to the Ecumenical Temple.
  2903 | D:4      | Noticed an ogre
  2922 | D:4      | Killed an ogre
  2923 | D:4      | Reached XP level 6. HP: 6/51 MP: 5/5
  3192 | D:4      | Found a sacrificial altar of Ru.
  3194 | D:4      | Found a hazy altar of Hepliaklqana.
  3194 | D:4      | Noticed a sky beast
  3195 | D:4      | Found a shimmering blue altar of Sif Muna.
  3355 | D:4      | Found a radiant altar of Vehumet.
  3356 | D:4      | Found a shadowy altar of Dithmenos.
  3414 | D:4      | Reached skill level 5 in Fighting
  3470 | D:4      | Killed a sky beast
  3471 | D:4      | Reached XP level 7. HP: 23/62 MP: 6/6
  3700 | D:4      | Found Liovvi's Overcharged Wands.
  4298 | D:4      | Noticed Edmund
  4319 | D:4      | Killed Edmund
  5111 | D:5      | Entered Level 5 of the Dungeon
  5172 | D:5      | Found a glowing drain.
  5201 | D:5      | Slain by a water moccasin

Illustrated notes

Levels and vault maps discovered:
D:1:      minmay_arrival_solitary_statue, layout_rooms,
          dreamdust_ecumenical_altar_statues, serial_bayou_pond_a
D:2:      layout_basic, corexii_shack, minmay_snake_closets
D:3:      layout_loops_ring, grunt_ministairs_14, minivault_23
D:4:      layout_loops_ring, grunt_temple_overflow_open, xom_teletrap_fun,
          minmay_temple_entry_from_below_a, nicolae_shop_overcharged_wands,
          uniq_edmund, uniq_robin
D:5:      layout_cave_pools, gup_sewer_entry_glass

Skill      XL: |  1  2  3  4  5  6  7 |
---------------+----------------------+-----
Armour         | 4 5 6 7 8 |  8.0
Shields        | 4 5 |  5.0
Fighting       | 5 8 |  8.3
Axes           | |  2.4

Action                   |  1- 3 |  4- 6 |  7- 9 || total
-------------------------+-------+-------+-------++-------
Melee: War axe           |    71 |   137 |    99 ||   307
       Headbutt          |     7 |    13 |    15 ||    35
Throw: Dart              |       |     7 |     6 ||    13
  Use: Scroll            |       |       |     7 ||     7
Armor: Scale mail        |    49 |    54 |       ||   103
       Chain mail        |       |    15 |    83 ||    98
Dodge: Dodged            |    43 |    72 |    38 ||   153
Block: Buckler           |    17 |    33 |    42 ||    92
